 Dungeon Crawl Stone Soup version 0.20.0-15-g7f486f2 (webtiles) character file.

3711 kuniqs the Skirmisher (level 10, -7/53 HPs)
             Began as a Vine Stalker Venom Mage on June 11, 2017.
             Was a Follower of Uskayaw.
             Mangled by a two-headed ogre
             ... wielding a +0 giant club
              (14 damage)
             ... on level 8 of the Dungeon.
             The game lasted 00:17:24 (8320 turns).

kuniqs the Skirmisher (Vine Stalker Venom Mage)     Turns: 8320, Time: 00:17:25

Health: -7/53      AC:  5    Str: 14    XL:     10   Next: 14%
Magic:  0/14       EV: 16    Int: 15    God:    Uskayaw [*.....]
Gold:   367        SH:  0    Dex: 15    Spells: 7/13 levels left

rFire    + . .     SeeInvis .   B - +3 short sword (curse)
rCold    . . .     Gourm    .   (no shield)
rNeg     . . .     Faith    .   A - +1 robe {rF+}
rPois    .         Spirit   +   (no helmet)
rElec    .         Reflect  .   k - +1 cloak
rCorr    .         Harm     .   (no gloves)
MR       +....                  (no boots)
Stlth    ++........             (no amulet)
Regen    0.6/turn               (no ring)
MPRegen  0.2/turn               (no ring)

@: very slightly contaminated
A: fangs 3, regeneration 1, magic shield, antimagic bite, no potion heal 3, rot
immunity
a: Stomp, Renounce Religion


You were on level 8 of the Dungeon.
You worshipped Uskayaw.
Uskayaw was noncommittal.
You were not hungry.

You visited 2 branches of the dungeon, and saw 9 of its levels.

You collected 367 gold pieces.

Inventory:

Hand Weapons
 B - a cursed +3 short sword (weapon)
Armour
 k - a +1 cloak (worn)
 l - a +0 chain mail
 A - a +1 robe of fire resistance (worn)
Jewellery
 o - an uncursed ring of fire
Wands
 p - a wand of confusion (13/48)
Scrolls
 c - a scroll of fog
 h - 5 scrolls of teleportation
 t - 2 scrolls of enchant armour
 v - 5 scrolls of magic mapping
 w - 2 scrolls of remove curse {@r2}
Potions
 a - a potion of heal wounds {unknown}
 b - a potion of resistance
 g - 2 potions of might
 j - a potion of flight
 m - a potion of curing {@q1}
 n - a potion of lignification
 q - a potion of brilliance
 s - a potion of berserk rage
 x - a potion of ambrosia
 z - a potion of invisibility
Comestibles
 d - 5 bread rations
 e - a meat ration
 f - 3 fruits
 i - 5 royal jellies


   Skills:
 + Level 6.3 Fighting
 + Level 5.9 Short Blades
 + Level 5.6 Armour
 + Level 6.0 Dodging
 - Level 2.4 Stealth
 - Level 2.1 Spellcasting
 - Level 1.0 Conjurations
 - Level 3.0 Poison Magic
 + Level 3.3 Invocations


You had 7 spell levels left.
You knew the following spells:

 Your Spells              Type           Power        Failure   Level  Hunger
a - Sting                 Conj/Pois      #...         10%         1    #......
b - Poisonous Vapours     Pois/Air       #.....       19%         2    ###....
c - Mephitic Cloud        Conj/Pois/Air  #.......     36%         3    ###....


Dungeon Overview and Level Annotations

Branches:
Dungeon (8/15)             Temple (1/1) D:7
   Lair: D:8-11

Altars:
Ashenzari
Cheibriados
Dithmenos
Elyvilon
Fedhas
Gozag
Kikubaaqudgha
Makhleb
Okawaru
Qazlal
Ru
Trog
Uskayaw
Vehumet
Xom
Yredelemnul
Zin
The Shining One

Annotations:
D:7 3 runed doors


Innate Abilities, Weirdness & Mutations

You have razor-sharp teeth.
Your natural rate of healing is unusually fast.
When hurt, damage is shared between your health and your magic reserves.
Your bite disrupts and absorbs the magic of your enemies.
Potions cannot restore your health.
You are immune to rotting.


Message History

Aim: a two-headed ogre, wielding a giant club and a dire flail of holy wrath (moderately wounded, poisoned) Poisonous vapours surround the two-headed ogre!
The two-headed ogre is engulfed in poison gas.
The two-headed ogre looks even sicker.
You hit the two-headed ogre.
The two-headed ogre is severely wounded.
The two-headed ogre hits you with a giant club!!
The two-headed ogre hits you with a dire flail of holy wrath.
The two-headed ogre looks more healthy.
Casting: Poisonous Vapours
Confirm with . or Enter, or press ? or * to list all spells.
Aiming: Poisonous Vapours
Press: ? - help, Dir - move target cursor, f/p - two-headed ogre
Aim: a two-headed ogre, wielding a giant club and a dire flail of holy wrath (almost dead)
You miscast Poisonous Vapours.
You feel slightly ill.
The two-headed ogre hits you with a giant club!!
Ouch! That really hurt!
* * * LOW HITPOINT WARNING * * *
The two-headed ogre hits you with a dire flail of holy wrath!
You die...

#....#######.#.#
#....'.......#.#
###..#.#.#####.#
#A#.8#.#.# #.#
######.#.# #.#
####.#.# #.#
#....#.# #.#
#....#.#####.#
#....#(@O....#
#........#####
##'#.###.#
#.#.#...#####.#
#.#.#.........#
#.#.#..########
#.#.#......#
#.#.#....#.#
#.#.######.#########


You could see a two-headed ogre.

Vanquished Creatures
  A two-headed ogre (D:7)
  The ghost of grindst0ne the Unseen, a novice OpAs of Cheibriados (D:6)
  The ghost of Nattefrost the Cudgeler, a novice BaHu of Trog (D:4)
  The ghost of kuniqs the Ducker, a novice VSVM (D:5)
  3 sky beasts
  6 ogres
  2 centaurs
  A bullfrog (D:7)
  2 scorpions
  5 wights
  A howler monkey (D:7)
  2 crimson imps
  A bullfrog skeleton (D:7)
  A jelly (D:8)
  3 hounds
  3 orc priests
  3 centaur skeletons
  2 orc wizards (D:7)
  An iguana (D:5)
  9 worker ants
  3 gnolls (D:6)
  7 adders
  A shadow imp (D:5)
  An adder zombie (D:6)
  2 adder skeletons
  3 worms
  3 dart slugs
  A leopard gecko (D:1)
  7 orcs
  7 giant cockroaches
  2 goblins (D:2)
  8 hobgoblins
  10 jackals
  8 kobolds
  3 quokkas
  A ball python (D:1)
  8 bats
  2 frilled lizards
  3 rats
129 creatures vanquished.

Notes
Turn   | Place    | Note
-------+----------+-------------------------------------------
     0 | D:1      | kuniqs the Vine Stalker Venom Mage began the quest for the Orb.
     0 | D:1      | Reached XP level 1. HP: 9/9 MP: 4/4
   177 | D:1      | Reached XP level 2. HP: 12/14 MP: 6/6
   212 | D:1      | Learned a level 2 spell: Poisonous Vapours
   387 | D:1      | Reached skill level 1 in Armour
   551 | D:1      | Reached skill level 1 in Fighting
  1004 | D:2      | Reached XP level 3. HP: 18/18 MP: 5/7
  1175 | D:2      | Gained mutation: Your natural rate of healing is unusually fast. [Vine Stalker growth]
  1175 | D:2      | Reached XP level 4. HP: 18/23 MP: 8/8
  2581 | D:4      | Reached XP level 5. HP: 16/26 MP: 0/9
  2687 | D:4      | Noticed an ogre
  2687 | D:4      | Reached skill level 1 in Short Blades
  2765 | D:4      | Killed an ogre
  2765 | D:4      | Reached XP level 6. HP: 10/32 MP: 1/10
  3228 | D:4      | Found a shadowy altar of Dithmenos.
  3415 | D:4      | Noticed Nattefrost's ghost (novice BaHu)
  3435 | D:5      | Entered Level 5 of the Dungeon
  3437 | D:5      | Found a sacrificial altar of Ru.
  3645 | D:5      | Reached XP level 7. HP: 36/36 MP: 0/11
  4199 | D:5      | Noticed kuniqs's ghost (novice VSVM)
  4532 | D:5      | Found a shadowy altar of Dithmenos.
  4747 | D:5      | Gained mutation: You have razor-sharp teeth. [Vine Stalker growth]
  4747 | D:5      | Reached XP level 8. HP: 42/42 MP: 5/12
  4849 | D:6      | Noticed grindst0ne's ghost (novice OpAs)
  4886 | D:6      | Killed grindst0ne's ghost
  4982 | D:6      | Found a blossoming altar of Fedhas.
  5560 | D:7      | Found a white marble altar of Elyvilon.
  5599 | D:7      | Reached skill level 5 in Fighting
  5599 | D:7      | Reached XP level 9. HP: 34/47 MP: 2/13
  5680 | D:7      | Found a staircase to the Ecumenical Temple.
  5684 | Temple   | Entered the Ecumenical Temple
  5835 | D:7      | Reached skill level 5 in Dodging
  5920 | D:7      | Found a runed door.
  5940 | D:7      | Found a runed door.
  6241 | D:6      | Found an iron altar of Okawaru.
  6241 | D:6      | Found a hide-covered altar of Uskayaw.
  6241 | D:6      | Found a snail-covered altar of Cheibriados.
  6241 | D:6      | Found an ancient bone altar of Kikubaaqudgha.
  6248 | D:6      | Found a shattered altar of Ashenzari.
  6249 | D:6      | Became a worshipper of Uskayaw the Reveler
  6382 | D:7      | Found a runed door.
  6488 | D:7      | Noticed a two-headed ogre
  6510 | D:7      | Killed a two-headed ogre
  6510 | D:7      | Reached skill level 5 in Short Blades
  6510 | D:7      | Reached skill level 5 in Armour
  6510 | D:7      | Reached skill level 1 in Invocations
  6555 | D:7      | Reached * piety under Uskayaw
  6562 | D:7      | Reached ** piety under Uskayaw
  6840 | D:6      | Reached *** piety under Uskayaw
  6846 | D:6      | Reached **** piety under Uskayaw
  6924 | D:6      | Learned a level 3 spell: Mephitic Cloud
  7323 | D:5      | Killed kuniqs's ghost
  7378 | D:4      | Killed Nattefrost's ghost
  7378 | D:4      | Reached XP level 10. HP: 35/53 MP: 14/14
  8125 | D:8      | Found a glowing silver altar of Zin.
  8125 | D:8      | Noticed an angel
  8290 | D:8      | Noticed a two-headed ogre
  8320 | D:8      | Mangled by a two-headed ogre

Skill      XL: |  1  2  3  4  5  6  7  8  9 |
---------------+----------------------------+-----
Armour         | 1 2 3 4 5 |  5.6
Fighting       | 1 2 3 4 5 6 |  6.3
Dodging        | 2 3 4 6 |  6.0
Short Blades   | 1 2 3 4 5 |  5.9
Invocations    | 3 |  3.3
Stealth        | |  2.4
Spellcasting   | |  2.1
Conjurations   | |  1.0
Poison Magic   | |  3.0

Action                   |  1- 3 |  4- 6 |  7- 9 | 10-12 || total
-------------------------+-------+-------+-------+-------++-------
Melee: Unarmed           |     4 |       |       |       ||     4
       Short sword       |    40 |   292 |   333 |    54 ||   719
       Bite              |     4 |    69 |   131 |    10 ||   214
       Mace              |       |       |    58 |       ||    58
 Cast: Sting             |    19 |     1 |     1 |       ||    21
       Poisonous Vapours |     6 |    53 |    73 |     6 ||   138
Evoke: Wand              |       |       |     5 |       ||     5
  Use: Scroll            |     3 |     8 |     6 |       ||    17
       Potion            |       |     3 |       |       ||     3
 Stab: Sleeping          |     4 |       |     1 |     1 ||     6
       Confused          |       |       |     3 |       ||     3
       Paralysed         |       |       |     3 |       ||     3
  Eat: Chunk             |     2 |     9 |    20 |     4 ||    35
       Fruit             |       |     2 |       |       ||     2
Armor: Robe              |    14 |    54 |    74 |     2 ||   144
       Chain mail        |       |       |    29 |    13 ||    42
Dodge: Dodged            |    41 |   169 |   240 |    19 ||   469
